 Dungeon Sprint DCSS version 0.29-a0-320-g9f8742066b (webtiles) character file.

Game seed: 11319424754559315163

2093 mhtbhm the Basher (level 9, -4/63 HPs)
             Began as a Gargoyle Fighter on Apr 2, 2022.
             Was a Believer of Okawaru.
             Slain by a gnoll sergeant
             ... wielding a +0 trident
              (5 damage)
             ... in the Dungeon (Sprint IX: "|||||||||||||||||||||||||||||").
             The game lasted 00:01:03 (523 turns).

mhtbhm the Basher (Gargoyle Fighter)                 Turns: 523, Time: 00:01:04

Health: -4/63      AC: 26    Str: 24    XL:     9   Next: 27%
Magic:  11/15      EV: 13    Int:  9    God:    Okawaru [**....]
Gold:   0          SH:  5    Dex: 12    Spells: 8/8 levels left

rFire   . . .      SeeInvis .   a - +2 morningstar (protect)
rCold   . . .      Faith    .   c - +0 buckler
rNeg    + . .      Spirit   .   b - +1 scale mail
rPois   ∞          Reflect  .   o - +0 helmet
rElec   +          Harm     .   (no cloak)
rCorr   .          Rampage  .   n - +0 pair of gloves
Will    .....      NoTele   +   (no boots)
Stlth   +.........              (no amulet)
HPRegen 0.20/turn               p - +3 ring of dexterity
MPRegen 0.14/turn               q - +2 ring of evasion

@: under a protective aura, on berserk cooldown, slowed, very slow
A: sickness immunity, AC +6, negative energy resistance 1, electricity
resistance, torment resistance 1, petrification resistance
a: Renounce Religion, Heroism


You were in the Dungeon.
You worshipped Okawaru.
Okawaru was pleased with you.
You visited 1 branch

Inventory:

Hand Weapons
 a - a +2 morningstar of protection (weapon)
Armour
 b - a +1 scale mail (worn)
 c - a +0 buckler (worn)
 n - a +0 pair of gloves (worn)
 o - a +0 helmet (worn)
Jewellery
 p - a +3 ring of dexterity (left hand)
 q - a +2 ring of evasion (right hand)
Wands
 m - a wand of iceblast (10)
Scrolls
 j - 2 scrolls of blinking
 l - 2 scrolls of amnesia
Potions
 e - 5 potions of curing
 g - a potion of haste
 h - 4 potions of magic


   Skills:
 + Level 10.5 Fighting
 + Level 12.0 Maces & Flails
 + Level 10.1 Armour
 + Level 3.0 Dodging
 + Level 4.7 Stealth
 + Level 7.0 Shields
 * Level 8.6 Invocations


You had 8 spell levels left.
You didn't know any spells.
Your spell library was empty.

Dungeon Overview and Level Annotations

Branches:
Dungeon (1/1)

Altars:
Cheibriados
Dithmenos
Elyvilon
Fedhas
Gozag
Hepliaklqana
Kikubaaqudgha
Makhleb
Nemelex Xobeh
Okawaru
Qazlal
Ru
Sif Muna
Trog
Uskayaw
Vehumet
Wu Jian
Xom
Yredelemnul
Zin
The Shining One
Beogh
Jiyva
Lugonu


Innate Abilities, Weirdness & Mutations

You are immune to sickness and miasma.
Your stone body is resilient. (AC +6)
You are immune to poison.
You resist negative energy. (rN+)
You are resistant to electric shocks. (rElec)
You are resistant to unholy torment.
You are immune to petrification.


Message History

You puncture the wraith!
The wraith is severely damaged.
The wraith closely misses you.
Unknown command.
Unknown command.
You bludgeon the wraith!!
You destroy the wraith!
Okawaru accepts your kill.
Your Maces & Flails skill increases to level 12!
Your Dodging skill increases to level 3!
Unknown command.
You are no longer berserk.
You are exhausted.
You feel yourself slow down. The gnoll sergeant barely misses you.
You block the manticore's attack. The manticore claws you!
* * * LOW HITPOINT WARNING * * *
The manticore barely misses you.
You see here a +0 shortbow.
You barely miss the manticore.
The manticore bites you but does no damage.
You block the manticore's attack.
The manticore claws you but does no damage.
The gnoll sergeant hits you but does no damage.
Unknown command.
You impale the manticore!!
The manticore is heavily wounded.
The manticore closely misses you. The manticore barely misses you.
The manticore closely misses you. The gnoll sergeant closely misses you.
The manticore bites you but does no damage.
The manticore claws you!
* * * LOW HITPOINT WARNING * * *
The manticore claws you.
* * * LOW HITPOINT WARNING * * *
The gnoll sergeant hits you but does no damage.
You puncture the manticore!
The manticore is severely wounded.
The manticore barely misses you. You block the manticore's attack.
The manticore misses you.
The gnoll sergeant hits you from afar with a +0 trident.
You die... ▓▓▓▓▓▓▓▓▓▓▓▓▓▓▓▓▓▓▓▓▓▓ +..gH@)'.....))...[..) ▓▓▓▓▓▓▓▓▓▓▓▓▓▓▓▓▓▓▓▓▓▓

You could see a manticore and a gnoll sergeant.

Vanquished Creatures
  A manticore (D)
  An efreet (D)
  A komodo dragon (D)
  A hornet (D)
  A wraith (D)
  A yak (D)
  A centaur (D)
  2 scorpions (D)
  A howler monkey (D)
  An iguana (D)
  An orc wizard (D)
  A dart slug (D)
  2 orcs (D)
  2 hobgoblins (D)
  2 kobolds (D)
19 creatures vanquished.

Vanquished Creatures (others)
  A two-headed ogre (D)
1 creature vanquished.

Grand Total: 20 creatures vanquished

Notes
Turn   | Place    | Note
-------+----------+-------------------------------------------
     0 | D        | mhtbhm the Gargoyle Fighter began the quest for the Orb.
     0 | D        | Reached XP level 1. HP: 14/14 MP: 1/1
    18 | D        | Reached XP level 2. HP: 2/20 MP: 2/2
   312 | D        | Noticed a scorpion
   312 | D        | Noticed a scorpion
   321 | D        | Killed a scorpion
   322 | D        | Reached skill level 5 in Fighting
   322 | D        | Reached skill level 3 in Maces & Flails
   322 | D        | Reached skill level 5 in Armour
   322 | D        | Reached skill level 5 in Shields
   322 | D        | Reached XP level 3. HP: 18/26 MP: 3/3
   322 | D        | Reached XP level 4. HP: 21/31 MP: 4/4
   330 | D        | Reached skill level 4 in Maces & Flails
   341 | D        | Killed a scorpion
   342 | D        | Reached skill level 5 in Maces & Flails
   342 | D        | Reached XP level 5. HP: 29/37 MP: 5/5
   348 | D        | Found a snail-covered altar of Cheibriados.
   348 | D        | Found a shadowy altar of Dithmenos.
   348 | D        | Found a white marble altar of Elyvilon.
   348 | D        | Found a blossoming altar of Fedhas.
   348 | D        | Found an opulent altar of Gozag.
   349 | D        | Found a hazy altar of Hepliaklqana.
   350 | D        | Found a viscous altar of Jiyva.
   351 | D        | Found an ancient bone altar of Kikubaaqudgha.
   352 | D        | Found a corrupted altar of Lugonu.
   353 | D        | Found a burning altar of Makhleb.
   354 | D        | Found a sparkling altar of Nemelex Xobeh.
   355 | D        | Found an iron altar of Okawaru.
   356 | D        | Found a stormy altar of Qazlal.
   357 | D        | Found a sacrificial altar of Ru.
   358 | D        | Found a shimmering blue altar of Sif Muna.
   359 | D        | Found a bloodstained altar of Trog.
   360 | D        | Found a hide-covered altar of Uskayaw.
   361 | D        | Found a radiant altar of Vehumet.
   362 | D        | Found an ornate altar of the Wu Jian Council.
   363 | D        | Became a worshipper of Warmaster Okawaru
   364 | D        | Found a shimmering altar of Xom.
   365 | D        | Found a basalt altar of Yredelemnul.
   366 | D        | Found a glowing silver altar of Zin.
   367 | D        | Found a glowing golden altar of the Shining One.
   453 | D        | Noticed a hornet
   453 | D        | Noticed a yak
   453 | D        | Noticed a two-headed ogre
   453 | D        | Noticed a komodo dragon
   465 | D        | Killed a komodo dragon
   465 | D        | Reached * piety under Okawaru
   466 | D        | Reached skill level 7 in Maces & Flails
   466 | D        | Reached skill level 1 in Dodging
   466 | D        | Reached skill level 1 in Stealth
   466 | D        | Reached XP level 6. HP: 44/44 MP: 5/9
   468 | D        | Killed a two-headed ogre
   469 | D        | Reached skill level 9 in Maces & Flails
   469 | D        | Reached XP level 7. HP: 51/51 MP: 5/11
   475 | D        | Reached XP level 8. HP: 54/56 MP: 6/12
   477 | D        | Killed a yak
   481 | D        | Killed a hornet
   482 | D        | Reached skill level 10 in Maces & Flails
   493 | D        | Noticed a manticore
   493 | D        | Noticed a wraith
   493 | D        | Noticed a manticore
   493 | D        | Noticed an efreet
   499 | D        | Killed an efreet
   499 | D        | Reached ** piety under Okawaru
   500 | D        | Reached skill level 10 in Fighting
   500 | D        | Reached skill level 11 in Maces & Flails
   505 | D        | Killed a manticore
   506 | D        | Reached skill level 10 in Armour
   506 | D        | Reached XP level 9. HP: 23/63 MP: 10/15
   520 | D        | Reached skill level 12 in Maces & Flails
   522 | D        | HP: 2/63 [manticore (9)]
   523 | D        | Slain by a gnoll sergeant

Illustrated notes

Levels and vault maps discovered:
D:        linesprint [early_d, line_temple, items_1, d_10, items_2, lair_1,
          lair_end, items_3, orc_1, orc_end, items_4, d_15, swamp_1, shoals_1,
          snake_1, spider_1, d_20, vaults_1, items_5, swamp_end, shoals_end,
          snake_end, spider_end, vaults_end, d_27, items_6, zot_1, zot_end,
          crypt_end, forest_end, elf_end, slime_end, tomb_end, abyss_end,
          pan_hell_end]

Skill      XL: |  1  2  3  4  5  6  7  8  9 |
---------------+----------------------------+-----
Fighting       | 4 5 6 8 9 10 | 10.5
Armour         | 4 5 7 8 9 10 | 10.1
Shields        | 5 6 7 |  7.0
Maces & Flails | 3 5 7 9 11 12 | 12.0
Dodging        | 1 2 3 |  3.0
Stealth        | 1 3 4 |  4.7
Invocations    | 4 6 8 |  8.6

Action                   |  1- 3 |  4- 6 |  7- 9 || total
-------------------------+-------+-------+-------++-------
Melee: Flail             |    22 |    19 |       ||    41
       Morningstar       |       |    11 |    41 ||    52
  Use: Potion            |       |     5 |     1 ||     6
 Stab: Invisible         |       |     3 |       ||     3
Armor: Scale mail        |     6 |    11 |    26 ||    43
Dodge: Dodged            |    10 |    13 |    23 ||    46
Block: Buckler           |       |     5 |    11 ||    16

Table legend: (Time is in decaauts)
 A = Elapsed time spent in this place.
 B = Non-inter-level travel time spent in this place.
 C = Inter-level travel time spent in this place.
 D = Time resting spent in this place.
 E = Time spent auto-exploring this place.
 F = Levels seen in this place.
 G = Mean time per level.
                   A        B        C        D        E       F      G
               +--------+--------+--------+--------+--------+-----+--------+
         Total |    530 |    530 |      0 |    320 |      0 |   1 |  530.0 |
       Dungeon |    530 |    530 |      0 |    320 |      0 |   1 |  530.0 |
               +--------+--------+--------+--------+--------+-----+--------+

Top non-repeatable levels by time:
       D: 530 daAuts
